 Dungeon Crawl Stone Soup version 0.30-a0-12-gd8047c6341 (webtiles) character file.

Game seed: 1037684946609389163

7367 drpainis the Cleaver (level 10, -6/91 HPs)
             Began as a Minotaur Berserker on Aug 23, 2022.
             Was a Priest of Trog.
             Mangled by Sonja
             ... wielding a +2 dagger of distortion
              (13 damage)
             ... on level 1 of the Lair of Beasts.
             The game lasted 00:13:55 (11990 turns).

drpainis the Cleaver (Minotaur Berserker)          Turns: 11990, Time: 00:13:56

Health: -6/91      AC: 23    Str: 32    XL:     10   Next: 91%
Magic:  18/18      EV: 10    Int:  4    God:    Trog [***...]
Gold:   504        SH:  3    Dex: 10    Spells: 9/9 levels left

rFire   . . .      SeeInvis .    e - +9 morningstar "Demonslayer" {elec, Will+}
rCold   + + .      Faith    .    t - +0 buckler
rNeg    . . .      Spirit   .    i - +3 chain mail "Arasokiz" {-Tele rC++ MP+9}
rPois   .          Reflect  .    (helmet restricted)
rElec   .          Harm     .    z - +1 cloak
rCorr   .          Rampage  .    w - +0 pair of gloves
Will    +++..      NoTele   +    (no boots)
Stlth   ..........               (no amulet)
HPRegen 1.25/turn                M - +6 ring of strength
MPRegen 0.16/turn                G - +4 ring of protection

@: lethally poisoned (-6 -> -27), strong-willed, regenerating, slowed, very slow
A: horns 2, retaliatory headbutt
a: Renounce Religion, Berserk, Trog's Hand


You were on level 1 of the Lair of Beasts.
You worshipped Trog.
Trog was most pleased with you.
You visited 2 branches of the dungeon, and saw 11 of its levels.

You collected 504 gold pieces.

Inventory:

Hand Weapons
 a - a +0 hand axe of flaming
 e - the +9 morningstar "Demonslayer" (weapon) {elec, Will+}
   (You found it on level 10 of the Dungeon)

   It occasionally discharges a powerful burst of electricity upon striking a
   foe.
   Will:      It increases your willpower.
 f - a +0 war axe
 K - a +5 hand axe of draining
Missiles
 y - a throwing net (quivered)
Armour
 b - a +0 animal skin
 i - the +3 chain mail "Arasokiz" (worn) {-Tele rC++ MP+9}
   (You found it on level 10 of the Dungeon)

   rC:        It greatly protects you from cold.
   MP:        It affects your magic capacity (+9).
   -Tele:     It prevents most forms of teleportation.
 n - a +0 scale mail
 t - a +0 buckler (worn)
 u - a +0 chain mail
 w - a +0 pair of gloves (worn)
 z - a +1 cloak (worn)
Jewellery
 C - a ring of flight
 G - a +4 ring of protection (right hand)
 M - a +6 ring of strength (left hand)
Wands
 m - a wand of mindburst (9)
 B - a wand of iceblast (10)
 E - a wand of digging (2)
 H - a wand of polymorph (10)
Scrolls
 c - 4 scrolls of fog
 g - 2 scrolls of teleportation
 l - a scroll of vulnerability {unknown}
 s - 5 scrolls of blinking
 v - 3 scrolls of summoning
 A - 3 scrolls of fear
 D - 3 scrolls of poison
 J - 2 scrolls of magic mapping
Potions
 d - 3 potions of curing
 h - a potion of brilliance {unknown}
 j - 2 potions of flight
 k - 2 potions of magic
 o - 3 potions of heal wounds
 p - a potion of might
 q - 6 potions of lignification
 r - 2 potions of degeneration
 x - 2 potions of attraction {unknown}


   Skills:
 + Level 9.5 Fighting
 + Level 12.1(12.5) Axes
 + Level 4.6(9.1) Maces & Flails
 + Level 11.6 Armour
 + Level 5.0 Dodging
 + Level 2.6 Stealth


You had 9 spell levels left.
You didn't know any spells.
Your spell library was empty.

Dungeon Overview and Level Annotations

Branches:
Dungeon (10/15)            Temple (0/1) D:7            Lair (1/5) D:10
    Orc: D:9-12

Altars:
Dithmenos
Hepliaklqana
Ru
Trog
Wu Jian
Yredelemnul
The Shining One

Shops:
D:4 !

Annotations:
Lair:1 Sonja


Innate Abilities, Weirdness & Mutations

You have a pair of horns on your head.
You reflexively headbutt those who attack you in melee.


Message History

You feel as though you will be slow longer.
Sonja gestures wildly while chanting.
Sonja blinks!
Your skin crawls.
You feel strong-willed.
You can no longer call in reinforcements.
You feel extremely sick.
Sonja gestures wildly while chanting.
Sonja blinks!
Okay, then.
Okay, then.
Okay, then.
Unknown command.
Okay, then.
Unknown command.
Okay, then.
Okay, then.
Okay, then.
You feel very sick.
Sonja mumbles some strange words.
Sonja blinks!
You feel very sick.
Sonja throws a curare-tipped dart.
The curare-tipped dart hits you.
You are more poisoned.
You have difficulty breathing.
* * * LOW HITPOINT WARNING * * *
You feel as though you will be slow longer.
You feel extremely sick.
Sonja throws a curare-tipped dart.
The curare-tipped dart hits you.
You are lethally poisoned!
You have difficulty breathing.
* * * LOW HITPOINT WARNING * * *
You feel as though you will be slow longer.
Sonja attacks as you move away! Sonja hits you but does no damage.
Space warps around you.
* * * LOW HITPOINT WARNING * * *
Sonja hits you with a +2 dagger of distortion.
* * * LOW HITPOINT WARNING * * *
Space warps horribly around you!
You die...

..............##
...............#
...>...........#
...............##
................#
....(..........#
..............##
#########K...##
##@.## #...##
#....## #.....#
#.....# #.....#
#.....## #......#
#.....##


You could see Sonja.

Vanquished Creatures
  A two-headed ogre (D:10)
  Amaemon (D:9)
  An orange demon (D:9)
  Joseph (D:8)
  A cane toad (Lair:1)
  A hornet (D:8)
  Grinder (D:4)
  A wyvern (D:7)
  6 yaks (D:10)
  Menkaure (D:4)
  3 orc warriors
  2 water moccasins (D:7)
  Duvessa (D:4)
  2 black bears
  An ogre (D:6)
  5 centaurs
  4 kobold brigands
  Blork the orc (D:4)
  4 bullfrogs
  A necrophage (D:6)
  3 scorpions
  10 wights
  Dowan (D:4)
  3 killer bees (D:8)
  6 howler monkeys
  An electric eel (D:6)
  4 hounds
  6 orc priests
  4 iguanas
  8 orc wizards
  8 gnolls
  5 adders
  A worm (D:2)
  A dart slug (D:1)
  28 orcs
  6 ball pythons
  4 bats
  3 endoplasms
  2 giant cockroaches
  4 goblins
  7 hobgoblins
  2 jackals (D:3)
  3 frilled lizards
  22 kobolds
  6 rats
187 creatures vanquished.

Vanquished Creatures (others)
  9 fungi (D:10)
  13 plants
22 creatures vanquished.

Grand Total: 209 creatures vanquished

Notes
Turn   | Place    | Note
-------+----------+-------------------------------------------
     0 | D:1      | drpainis the Minotaur Berserker began the quest for the
                  | Orb.
     0 | D:1      | Reached XP level 1. HP: 19/19 MP: 0/0
   322 | D:1      | Reached XP level 2. HP: 13/27 MP: 1/1
   499 | D:1      | Reached skill level 4 in Axes
  1129 | D:2      | Reached XP level 3. HP: 33/34 MP: 2/2
  1244 | D:2      | Found a basalt altar of Yredelemnul.
  1492 | D:2      | Reached ** piety under Trog
  2607 | D:4      | Noticed Grinder
  2626 | D:4      | Killed Grinder
  2627 | D:4      | Reached skill level 5 in Fighting
  2627 | D:4      | Reached skill level 6 in Axes
  2627 | D:4      | Reached XP level 4. HP: 14/42 MP: 3/3
  2627 | D:4      | Reached XP level 5. HP: 16/48 MP: 4/4
  2868 | D:4      | Noticed a black bear
  2881 | D:4      | Killed a black bear
  2882 | D:4      | Reached skill level 1 in Stealth
  2882 | D:4      | Reached XP level 6. HP: 50/56 MP: 5/5
  3028 | D:4      | Noticed Dowan
  3030 | D:4      | Noticed Duvessa
  3032 | D:4      | Noticed Blork the orc
  3036 | D:4      | Killed Duvessa
  3040 | D:4      | Killed Dowan
  3041 | D:4      | Reached skill level 7 in Axes
  3041 | D:4      | Reached XP level 7. HP: 49/62 MP: 6/6
  3046 | D:4      | Killed Blork the orc
  3256 | D:4      | Found Plog's Distillery.
  3359 | D:4      | Noticed Menkaure
  3367 | D:4      | Killed Menkaure
  4012 | D:5      | Entered Level 5 of the Dungeon
  4016 | D:5      | Reached skill level 5 in Armour
  4397 | D:5      | Reached XP level 8. HP: 68/71 MP: 7/7
  4453 | D:5      | Reached skill level 8 in Axes
  5216 | D:6      | Found a glowing golden altar of the Shining One.
  5387 | D:6      | Found a shadowy altar of Dithmenos.
  6124 | D:6      | Reached skill level 9 in Axes
  6405 | D:6      | Found a sacrificial altar of Ru.
  6760 | D:7      | Found a staircase to the Ecumenical Temple.
  6827 | D:7      | Reached *** piety under Trog
  6841 | D:7      | Reached XP level 9. HP: 75/79 MP: 8/8
  7011 | D:7      | You are sucked into a shaft and drop 3 floors!
  7011 | D:10     | Entered Level 10 of the Dungeon
  7634 | D:8      | Reached skill level 10 in Axes
  8372 | D:8      | Noticed Joseph
  8387 | D:8      | Killed Joseph
  8545 | D:8      | Found an ornate altar of the Wu Jian Council.
  8711 | D:8      | Reached skill level 11 in Axes
  9067 | D:9      | Reached skill level 10 in Armour
  9071 | D:9      | Noticed Amaemon
  9077 | D:9      | Noticed an orange demon
  9089 | D:9      | Killed Amaemon
  9090 | D:9      | Reached XP level 10. HP: 88/90 MP: 9/9
  9531 | D:9      | Killed an orange demon
  9807 | D:9      | Identified the +1 short sword "Aqesed" {antimagic, Int-3
                  | Dex+2 SInv}
  9859 | D:9      | Found a bloodstained altar of Trog.
  9865 | D:9      | Found a hazy altar of Hepliaklqana.
 10416 | D:10     | Identified the +9 morningstar "Demonslayer" {elec, Will+}
 10701 | D:10     | Identified the +3 chain mail "Arasokiz" {-Tele rC++ MP+9}
 10733 | D:10     | Reached **** piety under Trog
 10742 | D:10     | Reached skill level 5 in Dodging
 10742 | D:10     | Found a staircase to the Lair.
 10752 | D:10     | Reached skill level 1 in Maces & Flails
 10761 | D:10     | Reached skill level 12 in Axes
 10943 | D:10     | Identified the +1 robe "Loyjo" {Harm rF+ Str-3 Int+8}
 11055 | D:10     | Noticed a two-headed ogre
 11062 | D:10     | Killed a two-headed ogre
 11816 | Lair:1   | Entered Level 1 of the Lair of Beasts
 11863 | Lair:1   | Noticed a cane toad
 11868 | Lair:1   | Killed a cane toad
 11979 | Lair:1   | Noticed Sonja
 11990 | Lair:1   | Mangled by Sonja

Illustrated notes

Levels and vault maps discovered:
D:1:      eino_arrival_cavern_c, layout_loops_ring
D:2:      layout_loops_ring, basic_altar
D:3:      layout_loops_ring
D:4:      layout_basic, serial_shops, shop, st_stairs_5, grunt_ministairs_2,
          uniq_grinder, uniq_blork_the_orc, uniq_menkaure, uniq_duvessa
D:5:      layout_rooms, minmay_misc_feat_x, grunt_ministairs_11,
          serial_bayou_pond_d
D:6:      layout_basic, tso_altar, old_standard_altar, kennysheep_mini_moat,
          nicolae_lava_and_water
D:7:      minmay_angry_zag, layout_rooms, nicolae_overflow_crystal_walls,
          old_standard_altar, minmay_temple_entry_wispy
D:8:      layout_gridville, lemuel_round_altar, uniq_joseph
D:9:      layout_basic, mainiacjoe_overflow_catwalk_spiral, uniq_amaemon
D:10:     layout_long_grid, grunt_lair_entry_orc_guard_hut, nicolae_wwwww
Lair:1:   kb_forest_paths, layout_gridlike, uniq_fannar, uniq_erica, uniq_sonja

Skill      XL: |  1  2  3  4  5  6  7  8  9 10 |
---------------+-------------------------------+-----
Fighting       | 4 5 6 7 8 9 |  9.5
Axes           | 4 6 7 9 11 12 | 12.1
Armour         | 3 4 5 7 10 11 | 11.6
Dodging        | 3 4 5 |  5.0
Stealth        | 1 2 |  2.6
Maces & Flails | 4 |  4.6

Action                   |  1- 3 |  4- 6 |  7- 9 | 10-12 || total
-------------------------+-------+-------+-------+-------++-------
Melee: Hand axe          |    87 |    30 |    60 |    50 ||   227
       Headbutt          |    13 |     2 |    38 |    17 ||    70
       War axe           |       |       |   190 |       ||   190
       Punch             |       |       |     2 |     1 ||     3
       Morningstar       |       |       |       |    44 ||    44
Invok: Berserk           |     1 |     2 |     8 |     3 ||    14
       Trog's Hand       |       |     1 |     3 |     3 ||     7
  Use: Scroll            |       |       |     1 |    22 ||    23
       Potion            |       |       |     1 |     1 ||     2
Armor: Animal skin       |    11 |       |       |       ||    11
       Scale mail        |    16 |    22 |    16 |       ||    54
       Chain mail        |       |       |   147 |    59 ||   206
Dodge: Dodged            |    39 |    25 |   145 |    58 ||   267

Table legend: (Time is in decaauts)
 A = Elapsed time spent in this place.
 B = Non-inter-level travel time spent in this place.
 C = Inter-level travel time spent in this place.
 D = Time resting spent in this place.
 E = Time spent auto-exploring this place.
 F = Levels seen in this place.
 G = Mean time per level.
                   A        B        C        D        E       F      G
               +--------+--------+--------+--------+--------+-----+--------+
         Total |  12112 |  11496 |    616 |      0 |   9778 |  11 | 1101.1 |
       Dungeon |  11934 |  11319 |    615 |      0 |   9630 |  10 | 1193.4 |
          Lair |    177 |    177 |      0 |      0 |    148 |   1 |  177.0 |
               +--------+--------+--------+--------+--------+-----+--------+

Top non-repeatable levels by time:
     D:8: 2030 daAuts
     D:6: 1729 daAuts
     D:4: 1472 daAuts
     D:9: 1347 daAuts
    D:10: 1337 daAuts
     D:5: 1053 daAuts
     D:1: 1040 daAuts
     D:2: 786 daAuts
     D:3: 779 daAuts
     D:7: 358 daAuts
  Lair:1: 177 daAuts
